Unix NetHack Version 5.0.0-0 post-release - last build May 23 2026 06:08:33 (1c0ff79ee797540d5714e4e18072db0edd9e58ae,branch:main).

Game began 2026-05-24 23:14:21, ended 2026-05-24 23:37:48.

DoomChicken, chaotic female elven Priestess

                                    ------
                                    |....|
              ---------             .....|                       ------
              |.......|             |....-##                     |....|
              |.>.....|             |....| #                  ###-....|
             #-........             --.--- #                  #  |....|
             )|.......|#              #### #     -----        #  ----.-
             #|........##             ###########+*..-####### #   ####
             #----+---- #                # ####  |...|    #####    #
 -------     [         #`#               #    ###-...|  ### ##     #
 |)[!@@d######          ##########       #       |(..| ##    #   ###
 |*!!m.|                 #    ---.-------.---    |....##     ##--.---------
 |%!)(.|                      |.............|    -----        #|..........|
 |(/*%.|                      |.............|                 #...........|
 |(%%!.|                      |.............|                  |..........|
 -------                      |.............|                  |...*<....F|
                              ..............|                  ------------
                              -----------.---

DoomChicken the Acolyte      St:14 Dx:12 Co:8 In:11 Wi:20 Ch:10  Chaotic
Dlvl:3  $:172 HP:0(25) Pw:65(65) AC:1  Xp:3 T:1211  Burdened

Latest messages:
 What do you want to drink? [d or ?*] <space>
 Never mind.
 What do you want to ready? [$aN or ?*] ?
 N - 8 rocks (in quiver pouch).
 You have a little trouble lifting $ - 6 gold pieces (172 in total).
 You fall down the stairs.
 You climb up the stairs.
 The door resists!
 The door resists!
 The door opens.
 You begin bashing monsters with your sling.
 You hit the gecko.
 You hit the gecko.
 The gecko bites!
 You hit the gecko.
 The gecko bites!
 You miss the gecko.
 You hit the gecko.
 The gecko misses!
 You miss the gecko.
 The gecko bites!
 You miss the gecko.
 The gecko bites!
 You miss the gecko.
 You miss the gecko.
 You kill the gecko!
 The goblin throws a crude dagger!
 You are almost hit by a crude dagger.
 You hit the goblin.
 The goblin misses!
 You kill the goblin!
 You have a little trouble lifting P - a tin.
 "Hello, DoomChicken!  Welcome to Chibougamau's general store!"
 That scroll labeled DUAM XNAHT is a large mimic!
 The large mimic hits!
 You hit the large mimic.
 The large mimic hits!
 You miss the large mimic.
 You hit the large mimic.
 You hit the large mimic.
 You hit the large mimic.
 You miss the large mimic.
 The large mimic hits!
 You die...
 Chibougamau gratefully inherits all your possessions.
 Do you want to see what you had when you died? [ynq] (y) y
 Do you want to see your attributes? [ynq] (y) y
 Do you want an account of creatures vanquished? [ynaq] (y) y
 Do you want to see your conduct and achievements? [ynq] (y) y
 Do you want to see the dungeon overview? [ynq] (y) y

Inventory:
 Coins    ('$')
  $ - 172 gold pieces
 Weapons  (')')
  L - a +0 sling (weapon in right hand)
  a - a blessed +1 mace (alternate weapon; not wielded)
 Armor    ('[')
  A - a +0 orcish helm (being worn)
  c - a +0 small shield (being worn)
  b - a +0 robe (being worn)
  l - a blessed +1 scale mail (being worn)
 Comestibles  ('%')
  M - a slime mold
  e - a clove of garlic
  r - 2 food rations
  f - a sprig of wolfsbane
  m - 2 tripe rations
  P - a tin of boiled large kobold meat
  B - a lichen corpse
 Scrolls  ('?')
  s - a scroll of amnesia
  w - a scroll of charging
  v - a scroll of enchant armor
  O - a scroll of enchant weapon
  z - a cursed scroll of food detection
  J - a scroll of magic mapping
  D - a blessed scroll of teleportation
 Spellbooks  ('+')
  u - a spellbook of create familiar
  h - a spellbook of cure blindness
  g - a spellbook of healing
 Potions  ('!')
  d - 4 potions of holy water
 Rings    ('=')
  F - a cursed +1 ring of gain constitution
  E - a ring of levitation
  x - a ring of slow digestion
 Tools    ('(')
  i - a wooden harp
  I - a magic whistle
 Gems/Stones  ('*')
  N - 8 rocks (in quiver pouch)

DoomChicken the Priestess's attributes:

Background:
 You were an Acolyte, a level 3 elven Priestess.
 You were chaotic, nominally on a mission for Anshar
 who was opposed by Anu (lawful) and Ishtar (neutral).
 You were right-handed.
 You were in the Dungeons of Doom, on level 3.
 You entered the dungeon 1211 turns ago.
 It was nighttime.
 You had 49 experience points, 31 more were needed to attain level 4.

Basics:
 You had 0 out of 25 hit points.
 You had all 65 energy points (spell power).
 Your armor class was 1.
 Your wallet contained 172 zorkmids.
 Autopickup was on, but temporarily disabled while inside the shop.

Final Characteristics:
 Your strength was 14 (limit:18).
 Your dexterity was 12 (limit:18).
 Your constitution was 8 (limit:16).
 Your intelligence was 11 (limit:20).
 Your wisdom was 20 (limit:20).
 Your charisma was 10 (limit:18).

Final Status:
 You were held by a large mimic (south).
 You weren't hungry.
 You were burdened; movement was slightly slowed.
 You were wielding a sling.
 You were unskilled in sling.

Final Attributes:
 You were devoutly aligned.
 You had infravision.
 You were guarded.
 Your spell casting was impaired by metallic armor, mitigated by your robe.
 You are dead.

Miscellaneous:
 You didn't encounter any bones levels.
 Total elapsed playing time was 23 minutes and 26 seconds.

Major events:
 Turn
    1: DoomChicken the chaotic elven Priestess entered the dungeon
 1031: attained the rank of Acolyte (level 3)
 1211: killed by a large mimic

Spells:
 Name                 Level Category     Fail Retention
 healing                1   healing       48%  76%-100%
 cure blindness         2   healing       86%  76%-100%

Skills:
 Fighting Skills
   bare handed combat [Unskilled]
 Weapon Skills
   club               [Unskilled]
   mace               [Basic]
   morning star       [Unskilled]
   flail              [Unskilled]
   hammer             [Unskilled]
   quarterstaff       [Unskilled]
   polearms           [Unskilled]
   spear              [Unskilled]
   trident            [Unskilled]
   lance              [Unskilled]
   bow                [Unskilled]
   sling              [Unskilled]
   crossbow           [Unskilled]
   dart               [Unskilled]
   shuriken           [Unskilled]
   boomerang          [Unskilled]
   unicorn horn       [Unskilled]
 Spellcasting Skills
   healing spells     [Unskilled]
   divination spells  [Unskilled]
   clerical spells    [Basic]

Voluntary challenges:
 Character rerolling was not enabled.
 You were an atheist.
 You were illiterate.
 You never genocided any monsters.
 You never polymorphed an object.
 You never changed form.
 You used no wishes.
Achievements:
 You attained the rank of Acolyte.
 You entered a shop.

 The Dungeons of Doom: levels 1 to 4
    Level 1:
       Some fountains.
    Level 2:
    Level 3: <- You were here.
       A general store.
       Final resting place for
          you, killed by a large mimic.
    Level 4:


Vanquished creatures:
  a hobbit
  3 geckos
  3 jackals
  3 foxes
  a kobold
  4 goblins
  2 lichens
  6 newts
23 creatures vanquished.

No species were genocided or became extinct.

Game over:
                       ----------
                      /          \
                     /    REST    \
                    /      IN      \
                   /     PEACE      \
                  /                  \
                  |   DoomChicken    |
                  |      172 Au      |
                  |   killed by a    |
                  |   large mimic    |
                  |                  |
                  |                  |
                  |       2026       |
                 *|     *  *  *      | *
        _________)/\\_//(\/(/\)/\//\/|_)_______

Goodbye DoomChicken the Priestess...

You died in The Dungeons of Doom on dungeon level 3 with 501 points,
and 172 pieces of gold, after 1211 moves.
You were level 3 with a maximum of 25 hit points when you died.

